 Dungeon Crawl Stone Soup version 0.22-a0-558-gc224181 (webtiles) character file.

38 iamserjio the Chopper (level 3, 0/31 HPs)
             Began as a Minotaur Skald on June 27, 2018.
             Slain by a gnoll (7 damage)
             ... on level 3 of the Dungeon.
             The game lasted 00:01:44 (253 turns).

iamserjio the Chopper (Minotaur Skald)               Turns: 253, Time: 00:01:45

Health: 0/31       AC:  5    Str: 16    XL:     3   Next: 25%
Magic:  4/4        EV: 11    Int: 10    God:
Gold:   23         SH:  0    Dex:  9    Spells: 3/4 levels left

rFire    . . .     SeeInvis .   a - +0 hand axe
rCold    . . .     Gourm    .   (no shield)
rNeg     . . .     Faith    .   h - +0 ring mail
rPois    .         Spirit   .   (helmet restricted)
rElec    .         Reflect  .   (no cloak)
rCorr    .         Harm     .   (no gloves)
MR       .....                  (no boots)
Stlth    ..........             (no amulet)
HPRegen  0.10/turn              (no ring)
MPRegen  0.09/turn              (no ring)

@: no status effects
A: retaliatory headbutt, horns 2
a: no special abilities


You were on level 3 of the Dungeon.
You were not hungry.

You visited 1 branch of the dungeon, and saw 4 of its levels.

You collected 23 gold pieces.

Inventory:

Hand Weapons
 a - a +0 hand axe (weapon)
Armour
 b - a +0 leather armour
 h - a +0 ring mail (worn)
Scrolls
 e - a scroll of amnesia {unknown}
 f - a scroll of remove curse {unknown}
 g - 2 scrolls of identify {unknown}
Potions
 c - a potion of heal wounds {unknown}
Comestibles
 d - 2 rations


   Skills:
 + Level 3.0 Fighting
 * Level 3.6 Axes
 + Level 2.1 Armour
 - Level 2.1 Dodging
 - Level 1.3 Spellcasting
 - Level 2.0 Charms


You had 3 spell levels left.
You knew the following spells:

 Your Spells              Type           Power        Failure   Level  Hunger
a - Infusion              Chrm           #...         26%         1    ##.....

Your spell library contained the following spells:

 Spells                   Type           Power        Failure   Level  Hunger
 Regeneration             Chrm/Necr      #.........   77%         3    ####...
 Shroud of Golubria       Chrm/Tloc      #.........   52%         2    ###....
 Song of Slaying          Chrm           #.......     38%         2    ###....
 Spectral Weapon          Hex/Chrm       #.......     77%         3    ####...


Dungeon Overview and Level Annotations

Branches:
Dungeon (4/15)
 Temple: D:4-7

Altars:

Annotations:
D:3 Robin


Innate Abilities, Weirdness & Mutations

You reflexively headbutt those who attack you in melee.
You have a pair of horns on your head.


Message History

The goblin closely misses you.
A goblin comes into view. It is wielding a club.
The goblin shouts!
You hit the goblin.
You kill the goblin!
Robin throws the goblin at you!
A goblin comes into view. It is wielding a club.
You barely miss the gnoll. You barely miss the goblin.
The goblin hits you but does no damage. The gnoll hits you but does no damage.
A goblin comes into view. It is wielding a club.
The goblin misses you.
You hit the gnoll but do no damage.
Your ring mail prevents you from hitting the goblin.
The gnoll hits you.
* * * LOW HITPOINT WARNING * * *
The goblin hits you.
* * * LOW HITPOINT WARNING * * *
A goblin comes into view.
You closely miss the gnoll. You hit the goblin. The gnoll hits you!
You die... ### #.# #.### #... #..# #..##### ######g.....#. . #.g@ggg.ggg?.g

##.##.####†.###.#.
........)...# .#
#.##.......###.###
..................#
##......##..#.#.#.#
...................
#.......####....#.#..
...#.##.......#.#.#


You could see Robin, a gnoll and 6 goblins.

Vanquished Creatures
  2 adders (D:3)
  A worm (D:3)
  5 giant cockroaches
  A goblin (D:3)
  3 hobgoblins
  3 bats (D:3)
  A kobold (D:3)
  A rat (D:1)
17 creatures vanquished.

Notes
Turn   | Place    | Note
-------+----------+-------------------------------------------
     0 | D:1      | iamserjio the Minotaur Skald began the quest for the Orb.
     0 | D:1      | Reached XP level 1. HP: 18/18 MP: 1/1
   131 | D:3      | Reached XP level 2. HP: 18/25 MP: 3/3
   212 | D:3      | Reached XP level 3. HP: 15/31 MP: 4/4
   240 | D:3      | Noticed Robin
   253 | D:3      | Slain by a gnoll

Vault maps used:
D:1:      tarquinn_simple_flora_water_d, hangedman_decor_clover_reticule,
          st_stairs_11
D:2:      grunt_temple_overflow_opulence, lemuel_crystal_altar
D:3:      uniq_robin
D:4:      old_standard_altar, nicolae_overflow_crystal_walls, first_ration,
          sigmund_edmund_badplayer

Skill      XL: |  1  2 |
---------------+-------+-----
Axes           | 3 |  3.6
Fighting       | 3 |  3.0
Armour         | 2 |  2.1
Dodging        | |  2.1
Spellcasting   | |  1.3
Charms         | |  2.0

Action                   || total
-------------------------++-------
Melee: Hand axe          ||    50
       Headbutt          ||     4
  Use: Potion            ||     1
Armor: Leather armour    ||    14
       Ring mail         ||     6
Dodge: Dodged            ||    35

Table legend:
 A = Spawn XP
 B = Non-spawn XP
 C = Spawn XP percentage of total XP
 D = Spawn monster count
 E = Non-spawn monster count
 F = Spawn count percentage of total count
 G = Total turns spent on level
                    A         B        C        D         E        F      G
               +---------+---------+-------+---------+---------+-------+---------
         Total |       0 |      55 |   0.0 |       0 |      17 |   0.0 |   253
               +---------+---------+-------+---------+---------+-------+---------
           D:1 |       0 |       3 |   0.0 |       0 |       2 |   0.0 |    84
           D:3 |       0 |      50 |   0.0 |       0 |      14 |   0.0 |   126
           D:4 |       0 |       2 |   0.0 |       0 |       1 |   0.0 |    10
               +---------+---------+-------+---------+---------+-------+---------
